 Dungeon Crawl Stone Soup version 0.30-a0-778-g2ef04afb54 (webtiles) character file.

Game seed: 6039323238260548141

238 Stu the Chopper (level 5, 0/48 HPs)
             Began as a Minotaur Berserker on Feb 16, 2023.
             Was a Believer of Trog.
             Slain by a gnoll
             ... wielding a +0 spear
              (3 damage)
             ... on level 4 of the Dungeon.
             The game lasted 00:20:57 (7064 turns).

Stu the Chopper (Minotaur Berserker)                Turns: 7064, Time: 00:20:57

Health: 0/48       AC: 15    Str: 21    XL:     5   Next: 78%
Magic:  4/4        EV:  7    Int:  4    God:    Trog [**....]
Gold:   158        SH:  0    Dex: 12    Spells: 4/4 levels left

rFire   . . .      SeeInvis .    a - +0 hand axe
rCold   . . .      Faith    .    (no shield)
rNeg    . . .      Spirit   .    l - +2 plate armour {rPois}
rPois   +          Reflect  .    (helmet restricted)
rElec   .          Harm     .    (no cloak)
rCorr   .          Rampage  .    e - +0 pair of gloves
Will    .....                    (no boots) Stlth
                                 (no amulet)
HPRegen 0.28/turn                (no ring)
MPRegen 0.09/turn                (no ring)

@: no status effects
A: horns 2, retaliatory headbutt
a: Renounce Religion, Berserk, Trog's Hand


You were on level 4 of the Dungeon.
You worshipped Trog.
Trog was pleased with you.
You visited 1 branch of the dungeon, and saw 4 of its levels.

You collected 158 gold pieces.

Inventory:

Hand Weapons
 a - a +0 hand axe (weapon)
Armour
 b - a +0 animal skin
 d - a +0 robe
 e - a +0 pair of gloves (worn)
 g - a +0 leather armour
 h - a +0 chain mail
 k - a +0 ring mail
 l - a +2 plate armour of poison resistance (worn)
Scrolls
 c - 2 scrolls of summoning {unknown}
 f - 3 scrolls of identify {unknown}
 i - a scroll of poison {unknown}
 n - a scroll of enchant armour {unknown}
 p - a scroll of teleportation {unknown}
 q - a scroll of fear {unknown}
Potions
 j - a potion of haste {unknown}
 m - a potion of brilliance {unknown}
 o - a potion of heal wounds {unknown}
 r - a potion of might {unknown}
 s - a potion of attraction {unknown}
 t - a potion of flight {unknown}
 u - a potion of mutation {unknown}


   Skills:
 + Level 5.1 Fighting
 + Level 5.4 Axes
 + Level 4.1 Armour
 + Level 2.7 Dodging
 + Level 1.1 Stealth


You had 4 spell levels left.
You didn't know any spells.
Your spell library was empty.

Dungeon Overview and Level Annotations

Branches:
Dungeon (4/15)
 Temple: D:4-7

Altars:
Ashenzari
Elyvilon
Hepliaklqana
Makhleb
Okawaru
Sif Muna
Xom
The Shining One


Innate Abilities, Weirdness & Mutations

You have a pair of horns on your head.
You reflexively headbutt those who attack you in melee.


Message History

The scorpion completely misses you. The adder attacks as you move away!
The adder bites you but does no damage.
Found a lumpy black potion.
The adder bites you.
* * * LOW HITPOINT WARNING * * *
The scorpion attacks as you move away!
The scorpion stings you but does no damage.
Found a stone staircase leading up.
The scorpion attacks as you move away! The scorpion stings you.
* * * LOW HITPOINT WARNING * * *
The adder attacks as you move away! The adder bites you but does no damage.
The adder bites you but does no damage. The scorpion barely misses you.
You furiously retaliate!
You headbutt the scorpion. The scorpion attacks as you move away!
The scorpion completely misses you. The adder attacks as you move away!
The adder bites you.
* * * LOW HITPOINT WARNING * * *
There are monsters nearby!
The scorpion attacks as you move away! The scorpion barely misses you.
You furiously retaliate!
You headbutt the scorpion! The scorpion attacks as you move away!
The scorpion stings you.
* * * LOW HITPOINT WARNING * * *
The adder bites you but does no damage.
You see here a lumpy black potion.
The adder attacks as you move away! The adder bites you but does no damage.
The adder attacks as you move away! The adder completely misses you.
The scorpion barely misses you. You furiously retaliate!
You headbutt the scorpion!
You kill the scorpion!
Trog accepts your kill.
Your Armour skill increases to level 4!
The adder barely misses you. You furiously retaliate!
You headbutt the adder!
The gnoll hits you from afar with a +0 spear.
* * * LOW HITPOINT WARNING * * *
The gnoll attacks as you move away! The gnoll hits you but does no damage.
The adder bites you but does no damage. x2
There is a stone staircase leading up here.
The adder closely misses you. The gnoll hits you with a +0 flail.
* * * LOW HITPOINT WARNING * * *
The gnoll hits you from afar with a +0 spear.
You die...

#### ##..##
#....#
##..g@#
#..gS.#
##..!.##
####.....#
#........#
.........##
##.###....#
#.
#....#####
.
##........


You could see 2 gnolls and an adder.

Vanquished Creatures
  A scorpion (D:4)
  An iguana (D:4)
  A gnoll (D:4)
  5 adders
  4 dart slugs
  5 orcs (D:4)
  4 endoplasms
  A giant cockroach (D:1)
  9 goblins
  9 hobgoblins
  7 jackals
  4 kobolds
  5 quokkas
  4 ball pythons
  2 bats
  4 frilled lizards
  21 rats
87 creatures vanquished.

Vanquished Creatures (others)
  3 plants (D:4)
3 creatures vanquished.

Grand Total: 90 creatures vanquished

Notes
Turn   | Place    | Note
-------+----------+-------------------------------------------
     0 | D:1      | Stu the Minotaur Berserker began the quest for the Orb.
     0 | D:1      | Reached XP level 1. HP: 19/19 MP: 0/0
    45 | D:1      | Reached XP level 2. HP: 27/27 MP: 1/1
  3101 | D:1      | Reached XP level 3. HP: 31/34 MP: 2/2
  4321 | D:2      | Reached ** piety under Trog
  4322 | D:2      | Reached XP level 4. HP: 41/41 MP: 3/3
  4856 | D:2      | Found a hazy altar of Hepliaklqana.
  5036 | D:3      | Found a broken altar of Ashenzari.
  5177 | D:3      | Found a glowing golden altar of the Shining One.
  5182 | D:3      | Found a white marble altar of Elyvilon.
  5182 | D:3      | Found a shimmering altar of Xom.
  5182 | D:3      | Found a burning altar of Makhleb.
  6138 | D:3      | Found a faded altar of an unknown god.
  6206 | D:3      | Found a shimmering blue altar of Sif Muna.
  6826 | D:4      | Reached skill level 1 in Stealth
  6841 | D:4      | Reached skill level 5 in Axes
  6841 | D:4      | Reached XP level 5. HP: 42/47 MP: 4/4
  6878 | D:4      | Found a hazy altar of Hepliaklqana.
  7034 | D:4      | Found an iron altar of Okawaru.
  7044 | D:4      | Reached skill level 5 in Fighting
  7064 | D:4      | Slain by a gnoll

Illustrated notes

Levels and vault maps discovered:
D:1:      amcnicky_arrival_single_pillar, layout_basic
D:2:      layout_loops_ring, basic_altar, minmay_rat_hole
D:3:      layout_loops_ring, general_overflow_altar, grunt_temple_overflow_open,
          shapermc_ecumenical_altar_totnotflames, nicolae_elevator_lobby_plus
D:4:      layout_layer_cave, nicolae_hepliaklqana_hazy_memory,
          old_standard_altar, st_stairs_7, minmay_manual_macuahuitl

Skill      XL: |  1  2  3  4  5 |
---------------+----------------+-----
Fighting       | 4 5 |  5.1
Axes           | 4 5 |  5.4
Armour         | 3 4 |  4.1
Stealth        | 1 |  1.1
Dodging        | |  2.7

Action                     |  1- 3 |  4- 6 || total
---------------------------+-------+-------++-------
  Melee: Hand axe          |    74 |    73 ||   147
         Headbutt          |    12 |    12 ||    24
         Punch             |     2 |     1 ||     3
 Armour: Animal skin       |     3 |       ||     3
         Robe              |     1 |       ||     1
         Plate armour      |    27 |   111 ||   138
         Chain mail        |     7 |       ||     7
         Ring mail         |     2 |       ||     2
  Dodge: Dodged            |    49 |    48 ||    97

Table legend: (Time is in decaauts)
 A = Elapsed time spent in this place.
 B = Non-inter-level travel time spent in this place.
 C = Inter-level travel time spent in this place.
 D = Time resting spent in this place.
 E = Time spent auto-exploring this place.
 F = Levels seen in this place.
 G = Mean time per level.
                   A        B        C        D        E       F      G
               +--------+--------+--------+--------+--------+-----+--------+
         Total |   7074 |   7039 |     35 |   4218 |   1073 |   4 | 1768.5 |
       Dungeon |   7074 |   7039 |     35 |   4218 |   1073 |   4 | 1768.5 |
               +--------+--------+--------+--------+--------+-----+--------+

Top non-repeatable levels by time:
     D:1: 3754 daAuts
     D:3: 1738 daAuts
     D:2: 1284 daAuts
     D:4: 297 daAuts
